 Dungeon Crawl Stone Soup version 0.29-a0-483-g69413ace17 (webtiles) character file.

Game seed: 9327361411856800062

68 bande the Skirmisher (level 4, -20/29 HPs)
             Began as a Gargoyle Fighter on May 26, 2022.
             Killed from afar by Ijyb (33 damage)
             ... with a bolt of acid
             ... on level 3 of the Dungeon.
             The game lasted 00:03:34 (2180 turns).

bande the Skirmisher (Gargoyle Fighter)             Turns: 2180, Time: 00:03:35

Health: -20/29     AC: 17    Str: 19    XL:     4   Next: 19%
Magic:  4/4        EV:  9    Int:  9    God:
Gold:   116        SH:  4    Dex: 11    Spells: 3/3 levels left

rFire   . . .      SeeInvis .   a - +0 war axe
rCold   . . .      Faith    .   c - +0 buckler
rNeg    + . .      Spirit   .   b - +0 plate armour
rPois   ∞          Reflect  .   k - +1 helmet
rElec   +          Harm     .   (no cloak)
rCorr   .          Rampage  .   (no gloves)
Will    .....                   (no boots)
Stlth   ..........              (no amulet)
HPRegen 0.09/turn               i - +4 ring of evasion
MPRegen 0.09/turn               (no ring)

@: no status effects
A: sickness immunity, AC +3, negative energy resistance 1, electricity
resistance, torment resistance 1, petrification resistance
a: no special abilities


You were on level 3 of the Dungeon.
You visited 1 branch of the dungeon, and saw 3 of its levels.

You collected 116 gold pieces.

Inventory:

Hand Weapons
 a - a +0 war axe (weapon)
Missiles
 j - 2 throwing nets (quivered)
Armour
 b - a +0 plate armour (worn)
 c - a +0 buckler (worn)
 k - a +1 helmet (worn)
Jewellery
 i - a +4 ring of evasion (left hand)
Scrolls
 e - 3 scrolls of identify
 f - a scroll of enchant armour
Potions
 d - 2 potions of might


   Skills:
 + Level 4.0 Fighting
 + Level 2.9 Axes
 + Level 3.5 Armour
 + Level 3.7 Shields


You had 3 spell levels left.
You didn't know any spells.
Your spell library was empty.

Dungeon Overview and Level Annotations

Branches:
Dungeon (3/15)

Altars:
Wu Jian

Shops:
D:1 :   D:3 (

Annotations:
D:3 Ijyb


Innate Abilities, Weirdness & Mutations

You are immune to sickness and miasma.
Your stone body is resilient. (AC +3)
You are immune to poison.
You resist negative energy. (rN+)
You are resistant to electric shocks. (rElec)
You are resistant to unholy torment.
You are immune to petrification.


Message History

No target in view!
No target in view!
No target in view!
Ijyb the Twisted Goblin comes into view.
She is wielding a +5 club and carrying a wand of acid (9).
Ijyb shouts!
Ijyb is nearby!
Found a stone staircase leading up.
You hit Ijyb.
Ijyb is lightly wounded.
Ijyb zaps a wand.
The bolt of acid misses you.
You slash Ijyb!
Ijyb is heavily wounded.
Ijyb hits you but does no damage. x2
You hit Ijyb.
Ijyb is severely wounded.
Ijyb hits you but does no damage.
You hit Ijyb.
Ijyb is almost dead.
Ijyb zaps a wand.
The bolt of acid misses you.
You hit Ijyb.
Ijyb is almost dead.
Ijyb hits you but does no damage. x2
You miss Ijyb.
Ijyb is almost dead.
Ijyb zaps a wand.
The bolt of acid hits you!!
Ouch! That really hurt!
* * * LOW HITPOINT WARNING * * *
You are too injured to fight recklessly!
You are too injured to fight recklessly!
You are too injured to fight recklessly!
You are too injured to fight recklessly!
You are too injured to fight recklessly!
You are too injured to fight recklessly!
You are too injured to fight recklessly!
You are too injured to fight recklessly!
You are too injured to fight recklessly!
You are too injured to fight recklessly!
You feel better.
Ijyb zaps a wand.
The bolt of acid hits you!!
Ouch! That really hurt!
You die...

#.# #.# #.# #.# ### #.. #.#
#.# #.. #)# ..# #.# ##### ###
###∩#.# #.# ......... ...
....#.#.####.###.#.... #.#
###.#.#....#.#..g..#.. #.# #
#.####.#.#..@#.#.# #.# #
#........###...#.## #.# #
######............#.##.######
# #.#######.#.##.......... #
.... .. <#.#####.######
#################.##.#####.#
................#..........#
###############.####.#######
#.# #.#


You could see Ijyb.

Vanquished Creatures
  4 worms (D:2)
  2 dart slugs
  8 ball pythons
  4 bats
  2 endoplasms (D:1)
  5 giant cockroaches
  4 goblins
  5 hobgoblins
  3 quokkas
  3 frilled lizards
  4 kobolds
  6 rats
50 creatures vanquished.

Notes
Turn   | Place    | Note
-------+----------+-------------------------------------------
     0 | D:1      | bande the Gargoyle Fighter began the quest for the Orb.
     0 | D:1      | Reached XP level 1. HP: 14/14 MP: 1/1
     7 | D:1      | Found a faded altar of an unknown god.
   331 | D:1      | Reached XP level 2. HP: 20/20 MP: 2/2
   581 | D:1      | Found Lugine Cyxu's Book Shop.
   633 | D:1      | Reached XP level 3. HP: 19/24 MP: 3/3
  1288 | D:2      | Found an ornate altar of the Wu Jian Council.
  1304 | D:2      | Reached skill level 4 in Fighting
  1479 | D:2      | Reached XP level 4. HP: 29/29 MP: 4/4
  1855 | D:2      | Identified the -2 pair of gloves of the Poles {Int+3}
  2114 | D:3      | Found Emadenydgh's Antique Weapon Boutique.
  2171 | D:3      | Noticed Ijyb
  2180 | D:3      | Killed from afar by Ijyb

Illustrated notes

Levels and vault maps discovered:
D:1:      scummos_arrival_simple_crosswalls, layout_basic,
          hellmonk_ecumenical_altar_run_dry, serial_shops, shop, eino_curves_01,
          skrybe_limestone_x
D:2:      layout_basic, basic_altar, minmay_heptomino_h4
D:3:      layout_basic, serial_shops, shop, grunt_decor_mini_mirrors, uniq_ijyb

Skill      XL: |  1  2  3 |
---------------+----------+-----
Axes           | 2 |  2.9
Fighting       | 4 |  4.0
Armour         | |  3.5
Shields        | |  3.7

Action                   |  1- 3 |  4- 6 || total
-------------------------+-------+-------++-------
Melee: War axe           |   141 |    28 ||   169
  Use: Scroll            |     4 |     3 ||     7
       Potion            |       |     1 ||     1
Armor: Scale mail        |    72 |       ||    72
       Chain mail        |     1 |     8 ||     9
       Plate armour      |       |     6 ||     6
Dodge: Dodged            |    74 |    22 ||    96
Block: Buckler           |    31 |     6 ||    37

Table legend: (Time is in decaauts)
 A = Elapsed time spent in this place.
 B = Non-inter-level travel time spent in this place.
 C = Inter-level travel time spent in this place.
 D = Time resting spent in this place.
 E = Time spent auto-exploring this place.
 F = Levels seen in this place.
 G = Mean time per level.
                   A        B        C        D        E       F      G
               +--------+--------+--------+--------+--------+-----+--------+
         Total |   2251 |   2173 |     78 |    138 |   1549 |   3 |  750.3 |
       Dungeon |   2251 |   2173 |     78 |    138 |   1549 |   3 |  750.3 |
               +--------+--------+--------+--------+--------+-----+--------+

Top non-repeatable levels by time:
     D:1: 1150 daAuts
     D:2: 815 daAuts
     D:3: 285 daAuts
